 Dungeon Crawl Stone Soup version 0.31.0-32-g396128a36d (webtiles) character file.

Game seed: 17626801791012456292

72 Silvore the Shield-Bearer (level 4, 0/40 HPs)
             Began as a Minotaur Fighter on Apr 12, 2024.
             Constricted to death by a ball python (1 damage)
             ... on level 2 of the Dungeon on Apr 13, 2024.
             The game lasted 00:02:19 (1301 turns).

Silvore the Shield-Bearer (Minotaur Fighter)        Turns: 1301, Time: 00:02:20

Health: 0/40       AC:  7    Str: 23    XL:     4   Next: 7%
Magic:  3/3        EV:  6    Int:  5    God:
Gold:   97         SH:  4    Dex:  9    Spells: 3/3 levels left

rFire   . . .        a - +0 flail
rCold   . . .        c - +0 buckler
rNeg    . . .        b - +0 scale mail
rPois   .            (helmet restricted)
rElec   .            (no cloak)
rCorr   .            (no gloves)
SInv    .            (no boots)
Will    .....        (no amulet) Stlth
                     (no ring)
HPRegen 0.26/turn    (no ring)
MPRegen 0.08/turn

%: no passive effects
@: constricted
A: horns 2, retaliatory headbutt
a: no special abilities


You were on level 2 of the Dungeon.
You visited 1 branch of the dungeon, and saw 2 of its levels.

You collected 97 gold pieces.

Inventory:

Hand Weapons
 a - a +0 flail (weapon)
Armour
 b - a +0 scale mail (worn)
 c - a +0 buckler (worn)
Jewellery
 e - a ring of ice
Wands
 k - a wand of acid (10)
Scrolls
 g - 2 scrolls of noise
 h - a scroll of fear {unknown}
 i - 3 scrolls of identify
Potions
 d - a potion of might
 f - a potion of haste {unknown}
 j - a potion of invisibility
 l - a potion of heal wounds {unknown}


   Skills:
 + Level 4.1 Fighting
 + Level 3.4 Maces & Flails
 + Level 4.3 Armour
 + Level 0.1 Dodging
 + Level 4.4 Shields


You had 3 spell levels left.
You didn't know any spells.
Your spell library contained the following spells:

 Spells                   Type           Power      Damage    Failure   Level
 Magic Dart               Conj           0%         1d3       83%         1
 Blink                    Tloc           0%         N/A       93%         2
 Call Imp                 Summ           0%         N/A       93%         2
 Iskenderun's Battlesphe  Conj           0%         2d6       100%        5
 Bombard                  Conj/Erth      0%         9d1       100%        6
 Spellforged Servitor     Conj/Summ      0%         N/A       100%        7


Dungeon Overview and Level Annotations

Branches:
Dungeon (2/15)

Altars:

Annotations:
D:2 Terence


Innate Abilities, Weirdness & Mutations

You have a pair of horns on your head.
You reflexively headbutt those who attack you in melee.


Message History

You are too injured to fight recklessly!
You are too injured to fight recklessly!
You are too injured to fight recklessly!
You are too injured to fight recklessly!
You are too injured to fight recklessly!
You are too injured to fight recklessly!
You are too injured to fight recklessly!
You are too injured to fight recklessly!
You are too injured to fight recklessly!
You are too injured to fight recklessly!
You are too injured to fight recklessly!
You hit Terence but do no damage.
The ball python bites you but does no damage.
The ball python constricts you.
Terence asks, "Do you want it fast or slow?"
You block Terence's attack. The ball python bites you.
The ball python constricts you.
You sock Terence!
Terence is heavily wounded.
You block Terence's attack. The ball python barely misses you.
The ball python constricts you. Terence hits you with a +0 flail.
You hit Terence.
Terence is severely wounded.
The ball python bites you.
* * * LOW HITPOINT WARNING * * *
The ball python constricts you. Terence hits you with a +0 flail.
* * * LOW HITPOINT WARNING * * *
The ball python barely misses you. The ball python constricts you.
You barely miss Terence.
Terence is severely wounded.
The ball python barely misses you. The ball python constricts you.
Terence hits you with a +0 flail!
* * * LOW HITPOINT WARNING * * *
You hit Terence. Your headbutt misses Terence.
Terence is severely wounded.
The ball python barely misses you. The ball python constricts you.
Terence hits you with a +0 flail.
* * * LOW HITPOINT WARNING * * *
You block the ball python's attack. The ball python constricts you.
You die...

#.# #........... #.######
#....##...........
#.#[...#
#....##...........
#.#....#
#....##...........
#.#....#
#....#####........
#.'....+ +.....# #########
###....####.....###
#.†..+...........
#..†.##..@S...# #########
#........#@.#'# #.......<
#.............. #.#######
#.....#.........##.# ###
#...............##.#####..
##...#####......##.....'..
#...# ......########..
##### ......+........[
.... #........


You could see Terence and a ball python.

Vanquished Creatures
  3 adders (D:2)
  3 ball pythons (D:1)
  4 endoplasms
  2 giant cockroaches
  8 goblins
  5 hobgoblins
  2 quokkas
  5 bats
  2 frilled lizards (D:2)
  5 kobolds
  3 rats
42 creatures vanquished.

Notes
Turn   | Place    | Note
-------+----------+-------------------------------------------
     0 | D:1      | Silvore the Minotaur Fighter began the quest for the Orb.
     0 | D:1      | Reached XP level 1. HP: 19/19 MP: 0/0
    66 | D:1      | Reached XP level 2. HP: 21/27 MP: 1/1
   730 | D:2      | Reached XP level 3. HP: 28/33 MP: 2/2
  1216 | D:2      | Reached XP level 4. HP: 39/40 MP: 3/3
  1287 | D:2      | Noticed Terence
  1300 | D:2      | HP: 2/40 [Terence/+0 flail (8)]
  1301 | D:2      | Constricted to death by a ball python

Illustrated notes

Levels and vault maps discovered:
D:1:      minmay_arrival_checkered_box, layout_loops_ring, kennysheep_boxes
D:2:      layout_basic, uniq_terence

Skill      XL: |  1  2  3 |
---------------+----------+-----
Shields        | 4 |  4.4
Armour         | 4 |  4.3
Maces & Flails | 3 |  3.4
Fighting       | 4 |  4.1
Dodging        | |  0.1

Action                     |  1- 3 |  4- 6 || total
---------------------------+-------+-------++-------
  Melee: Flail             |    82 |    19 ||   101
         Headbutt          |     4 |     1 ||     5
    Use: Scroll            |     4 |       ||     4
 Armour: Scale mail        |    80 |    20 ||   100
  Dodge: Dodged            |    48 |     9 ||    57
  Block: Buckler           |    20 |    11 ||    31
